 Dungeon Crawl Stone Soup version 0.29-a0-490-g77b3608bb8 (webtiles) character file.

Game seed: 6859616422044928165

20 croobank the Covert (level 2, -5/29 HPs)
             Began as a Gnoll Delver on May 26, 2022.
             Slain by a gnoll
             ... wielding a +0 halberd
              (10 damage)
             ... on level 3 of the Dungeon.
             The game lasted 00:02:11 (722 turns).

croobank the Covert (Gnoll Delver)                   Turns: 722, Time: 00:02:12

Health: -5/29      AC:  4    Str: 11    XL:     2   Next: 79%
Magic:  2/2        EV: 13    Int:  9    God:
Gold:   0          SH:  0    Dex: 13    Spells: 2/2 levels left

rFire   . . .      SeeInvis .   a - +0 hand axe
rCold   . . .      Faith    .   (no shield)
rNeg    . . .      Spirit   .   b - +0 leather armour
rPois   .          Reflect  .   e - +0 helmet
rElec   .          Harm     .   (no cloak)
rCorr   .          Rampage  .   (no gloves)
Will    .....                   (no boots)
Stlth   ++++......              (no amulet)
HPRegen 0.09/turn               (no ring)
MPRegen 0.08/turn               (no ring)

@: mighty, hasted, very quick
A: fangs 1, strong nose, distributed training
a: no special abilities


You were on level 3 of the Dungeon.
You visited 1 branch of the dungeon, and saw 4 of its levels.

Inventory:

Hand Weapons
 a - a +0 hand axe (weapon)
Armour
 b - a +0 leather armour (worn)
 e - a +0 helmet (worn)
Wands
 g - a wand of digging (3)
Scrolls
 c - a scroll of fog
 d - a scroll of magic mapping
Potions
 i - a potion of berserk rage {unknown}


   Skills:
 + Level 6.5 Fighting
 + Level 0.5 Short Blades
 + Level 0.5 Long Blades
 + Level 4.5 Axes
 + Level 0.5 Maces & Flails
 + Level 0.5 Polearms
 + Level 0.5 Staves
 + Level 0.5 Slings
 + Level 0.5 Bows
 + Level 0.5 Crossbows
 + Level 0.5 Throwing
 + Level 0.5 Armour
 + Level 4.5 Dodging
 + Level 9.5 Stealth
 + Level 0.5 Shields
 + Level 0.5 Unarmed Combat
 + Level 0.5 Spellcasting
 + Level 0.3 Conjurations
 + Level 0.3 Hexes
 + Level 0.3 Summonings
 + Level 0.3 Necromancy
 + Level 0.3 Translocations
 + Level 0.3 Transmutations
 + Level 0.3 Fire Magic
 + Level 0.3 Ice Magic
 + Level 0.3 Air Magic
 + Level 0.3 Earth Magic
 + Level 0.3 Poison Magic
 + Level 0.6 Invocations
 + Level 0.5 Evocations


You had 2 spell levels left.
You didn't know any spells.
Your spell library was empty.

Dungeon Overview and Level Annotations

Branches:
Dungeon (5/15)
 Temple: D:4-7

Altars:


Innate Abilities, Weirdness & Mutations

You have very sharp teeth.
Your uncanny sense of smell can sniff out nearby items.
Your experience applies equally to all skills.


Message History

i - a cyan potion An adder comes into view.
The helpless adder fails to defend itself.
You hit the adder.
The adder is severely wounded.
The adder barely misses you.
You completely miss the adder. You bite the adder, but do no damage.
The adder is severely wounded.
The adder barely misses you. The adder closely misses you.
You slash the adder!
You kill the adder!
Found a stone staircase leading up.
Found a leather armour.
There is a stone staircase leading up here.
You climb upwards.
The gnoll shouts!
The adder hisses angrily.
The gnoll shouts! x3
Found a stone staircase leading up.
There is a stone staircase leading down here.
There are monsters nearby!
The gnoll hits you with a +0 halberd! The gnoll closely misses you.
The gnoll barely misses you.
You climb downwards.
There is a stone staircase leading up here.
You feel yourself speed up. The gnoll closely misses you. x2
You closely miss the gnoll. You barely miss the gnoll.
You completely miss the gnoll. You hit the gnoll.
The gnoll hits you with a +0 halberd!
* * * LOW HITPOINT WARNING * * *
The gnoll hits you with a +0 whip.
* * * LOW HITPOINT WARNING * * *
It was a potion of might.
You feel very mighty all of a sudden.
You completely miss the gnoll. You hit the gnoll. The gnoll closely misses you.
The gnoll misses you.
You slash the gnoll!
The gnoll is severely wounded.
You slash the gnoll! The gnoll hits you with a +0 whip.
* * * LOW HITPOINT WARNING * * *
The gnoll hits you with a +0 halberd!
You die...

.## #........... ....
..#####.####.....###....
...................[....
..#####.................
..# #...#####.........
..# #...# #....#
..#####...## ##.#.#
...........#####g# #
...............g@#
.........#..######
...............
#######..##'####
#....... #........
........... ##..........


You could see 2 gnolls.

Vanquished Creatures
  2 adders (D:3)
  An orc (D:5)
3 creatures vanquished.

Notes
Turn   | Place    | Note
-------+----------+-------------------------------------------
     0 | D:5      | Reached skill level 9 in Stealth
     0 | D:5      | croobank the Gnoll Delver began the quest for the Orb.
     0 | D:5      | Reached XP level 1. HP: 23/23 MP: 1/1
   233 | D:5      | HP: 1/23 [orc/+0 flail (5)]
   240 | D:4      | Noticed a gnoll shaman
   666 | D:3      | Reached XP level 2. HP: 29/29 MP: 2/2
   722 | D:3      | Slain by a gnoll

Illustrated notes

Levels and vault maps discovered:
D:2:      layout_rooms, basic_altar, minmay_tetromino_l4
D:3:      layout_basic, zin_scriptorium, uniq_natasha
D:4:      layout_cave_pools
D:5:      layout_loops_ring, kennysheep_orc_sif_temple,
          nicolae_ossuary_entry_false_entrances, gammafunk_ghost_mausoleum,
          uniq_prince_ribbit1

Skill      XL: | |
---------------+-+-----
Stealth        | |  9.5
Fighting       | |  6.5
Short Blades   | |  0.5
Long Blades    | |  0.5
Axes           | |  4.5
Maces & Flails | |  0.5
Polearms       | |  0.5
Staves         | |  0.5
Slings         | |  0.5
Bows           | |  0.5
Crossbows      | |  0.5
Throwing       | |  0.5
Armour         | |  0.5
Dodging        | |  4.5
Shields        | |  0.5
Unarmed Combat | |  0.5
Spellcasting   | |  0.5
Conjurations   | |  0.3
Hexes          | |  0.3
Summonings     | |  0.3
Necromancy     | |  0.3
Translocations | |  0.3
Transmutations | |  0.3
Fire Magic     | |  0.3
Ice Magic      | |  0.3
Air Magic      | |  0.3
Earth Magic    | |  0.3
Poison Magic   | |  0.3
Invocations    | |  0.6
Evocations     | |  0.5

Action                   || total
-------------------------++-------
Melee: Hand axe          ||    23
       Bite              ||     3
       Punch             ||     1
  Use: Scroll            ||     1
       Potion            ||     2
 Stab: Sleeping          ||     2
Armor: Leather armour    ||     1
Dodge: Dodged            ||    20

Table legend: (Time is in decaauts)
 A = Elapsed time spent in this place.
 B = Non-inter-level travel time spent in this place.
 C = Inter-level travel time spent in this place.
 D = Time resting spent in this place.
 E = Time spent auto-exploring this place.
 F = Levels seen in this place.
 G = Mean time per level.
                   A        B        C        D        E       F      G
               +--------+--------+--------+--------+--------+-----+--------+
         Total |    723 |    723 |      0 |    563 |     35 |   4 |  180.8 |
       Dungeon |    723 |    723 |      0 |    563 |     35 |   4 |  180.8 |
               +--------+--------+--------+--------+--------+-----+--------+

Top non-repeatable levels by time:
     D:3: 476 daAuts
     D:4: 177 daAuts
     D:5: 67 daAuts
     D:2: 1 daAuts
